 Dungeon Crawl Stone Soup version 0.27-a0-695-gb4952372f7 (webtiles) character file.

Game seed: 5267530065404179024

93 Essalna the Digger (level 4, -2/24 HPs)
             Began as a Gargoyle Earth Elementalist on Mar 22, 2021.
             Was an Initiate of Vehumet.
             Killed by divine providence
             ... invoked by an orc priest
              (15 damage)
             ... on level 3 of the Dungeon.
             The game lasted 00:05:27 (2667 turns).

Essalna the Digger (Gargoyle Earth Elementalist)    Turns: 2667, Time: 00:05:27

Health: -2/24      AC:  6    Str: 11    XL:     4   Next: 62%
Magic:  1/8        EV: 11    Int: 17    God:    Vehumet [......]
Gold:   55         SH:  0    Dex: 10    Spells: 8/9 levels left

rFire    . . .     SeeInvis .   a - +0 dagger (flame)
rCold    . . .     Faith    .   (no shield)
rNeg     + . .     Spirit   .   c - +0 robe
rPois    ∞         Reflect  .   (no helmet)
rElec    +         Harm     .   (no cloak)
rCorr    .         Rampage  .   (no gloves)
Will     .....                  d - +0 pair of boots
Stlth    ++........             (no amulet)
HPRegen  0.08/turn              (no ring)
MPRegen  0.11/turn              (no ring)

@: no status effects
A: AC +3, negative energy resistance 1, electricity resistance, torment
resistance 1, unbreathing 1, petrification resistance
a: Renounce Religion


You were on level 3 of the Dungeon.
You worshipped Vehumet.
Vehumet was noncommittal.
You visited 1 branch of the dungeon, and saw 3 of its levels.

You collected 55 gold pieces.

Inventory:

Hand Weapons
 a - a +0 dagger of flaming (weapon)
Missiles
 b - 49 stones
Armour
 c - a +0 robe (worn)
 d - a +0 pair of boots (worn)
Wands
 g - a wand of flame (10)
 h - a wand of mindburst (16)
Scrolls
 f - a scroll of vulnerability
 l - a scroll of immolation {unknown}
Potions
 e - a potion of degeneration {unknown}
 i - 3 potions of flight {unknown}
 j - a potion of mutation {unknown}
 m - a potion of curing {unknown}


   Skills:
 - Level 1.5 Dodging
 - Level 2.1 Stealth
 + Level 3.0 Spellcasting
 + Level 2.0 Transmutations
 + Level 4.7 Earth Magic


You had 8 spell levels left.
You knew the following spells:

 Your Spells              Type           Power      Damage    Failure   Level
a - Sandblast             Erth           36%        2d10      2%          1

Your spell library contained the following spells:

 Spells                   Type           Power      Damage    Failure   Level
 Passwall                 Tmut/Erth      11%        N/A       7%          2
 Stone Arrow              Conj/Erth      20%        3d8       21%         3
 Petrify                  Tmut/Erth      14%        N/A       41%         4
 Lee's Rapid Deconstruct  Erth           9%         3d8*      56%         5


Dungeon Overview and Level Annotations

Branches:
Dungeon (3/15)

Altars:
Okawaru
Sif Muna
Uskayaw
Vehumet


Innate Abilities, Weirdness & Mutations

Your stone body is resilient. (AC +3)
You are immune to poison.
You resist negative energy. (rN+)
You are resistant to electric shocks. (rElec)
You are resistant to unholy torment.
You can survive without breathing.
You are immune to petrification.


Message History

You are too injured to fight recklessly!
Casting: Sandblast (safe; 2% risk of failure)
Confirm with . or Enter, or press ? or * to list all spells.
Aiming: Sandblast (safe; 2% risk of failure)
Press: ? - help, Shift-Dir - straight line, f/p - orc priest
Aim: an orc priest, wielding a +0 falchion and wearing a +0 chain mail (15% to evade)
The blast of sand hits the orc priest.
The orc priest is lightly wounded.
The orc priest hits you with a +0 falchion.
Casting: Sandblast (safe; 2% risk of failure)
Confirm with . or Enter, or press ? or * to list all spells.
Aiming: Sandblast (safe; 2% risk of failure)
Press: ? - help, Shift-Dir - straight line, f/p - orc priest
Aim: an orc priest, wielding a +0 falchion and wearing a +0 chain mail (lightly wounded, 15% to evade)
The blast of sand hits the orc priest but does no damage.
The orc priest is lightly wounded.
The orc priest closely misses you.
Casting: Sandblast (safe; 2% risk of failure)
Confirm with . or Enter, or press ? or * to list all spells.
Aiming: Sandblast (safe; 2% risk of failure)
Press: ? - help, Shift-Dir - straight line, f/p - orc priest
Aim: an orc priest, wielding a +0 falchion and wearing a +0 chain mail (lightly wounded, 15% to evade)
The blast of sand hits the orc priest but does no damage.
The orc priest is lightly wounded.
The orc priest hits you but does no damage.
Casting: Sandblast (safe; 2% risk of failure)
Confirm with . or Enter, or press ? or * to list all spells.
You don't have enough magic to cast this spell.
Unknown command.
Casting: Sandblast (safe; 2% risk of failure)
Confirm with . or Enter, or press ? or * to list all spells.
You don't have enough magic to cast this spell.
Unknown command.
Items here: )) [ ††.
Things that are here:
a +0 whip; a +0 scale mail; an orc corpse The orc priest invokes the aid of Beogh against you.
Beogh smites you!
Ouch! That really hurt!
You die...

#.#......#.........## #.## #...
##.##........######..# #.# ###.
....#...>.#### ##.# #.# ##
##...##..÷## #.# #.#
#..#.......# #.## #.#
#.#####.##.# ####..###.###
........##.# ##..)..#.....##
.....#####)#####..o..........##
.....# #.<....@.............#
)....# ####.................#
....## #..†.......†......#
...## ###.........†.....# #..#
#...............# #..#
#...............# ####
##.............##
##.....#.....## #############


You could see an orc priest.

Vanquished Creatures
  3 adders
  4 worms
  3 dart slugs
  A leopard gecko (D:1)
  5 orcs
  A ball python (D:3)
  4 bats
  3 giant cockroaches
  2 goblins (D:1)
  4 hobgoblins
  5 kobolds
  A quokka (D:3)
  4 frilled lizards
  3 rats
43 creatures vanquished.

Notes
Turn   | Place    | Note
-------+----------+-------------------------------------------
     0 | D:1      | Essalna the Gargoyle Earth Elementalist began the quest for
                  | the Orb.
     0 | D:1      | Reached XP level 1. HP: 10/10 MP: 3/3
   491 | D:1      | Reached skill level 1 in Transmutations
   496 | D:1      | Reached XP level 2. HP: 14/15 MP: 0/5
   725 | D:1      | Reached skill level 4 in Earth Magic
  1168 | D:2      | Reached XP level 3. HP: 19/19 MP: 4/6
  1628 | D:2      | Found a hide-covered altar of Uskayaw.
  1813 | D:3      | Reached XP level 4. HP: 24/24 MP: 8/8
  2054 | D:3      | Found an iron altar of Okawaru.
  2054 | D:3      | Found a shimmering blue altar of Sif Muna.
  2091 | D:3      | Found a radiant altar of Vehumet.
  2094 | D:3      | Found a faded altar of an unknown god.
  2096 | D:3      | Found a faded altar of an unknown god.
  2101 | D:3      | Became a worshipper of Vehumet
  2167 | D:3      | HP: 1/24 [orc priest/divine providence (13)]
  2667 | D:3      | Killed from afar by an orc priest

Illustrated notes

Levels and vault maps discovered:
D:1:      psy_arrival_statuary, layout_basic
D:2:      layout_rooms, nicolae_uskayaw_dance_hall, serial_corexii_hall,
          chequers_hall_statues_corner_a, corexii_hall_statues_l,
          corexii_hall_statues_i, corexii_hall_statues_l,
          minmay_misc_feat_plants
D:3:      layout_rooms, chequers_temple_overflow_minitemple

Skill      XL: |  1  2  3  4 |
---------------+-------------+-----
Transmutations | 1 2 |  2.0
Earth Magic    | 4 |  4.7
Spellcasting   | 3 |  3.0
Dodging        | |  1.5
Stealth        | |  2.1

Action                   |  1- 3 |  4- 6 || total
-------------------------+-------+-------++-------
Melee: Unarmed           |    11 |       ||    11
       Dagger            |    36 |    30 ||    66
 Cast: Sandblast         |    34 |    40 ||    74
  Use: Scroll            |       |     3 ||     3
 Stab: Sleeping          |     3 |       ||     3
Armor: Robe              |    28 |    34 ||    62
Dodge: Dodged            |    43 |    39 ||    82

Table legend: (Time is in decaauts)
 A = Elapsed time spent in this place.
 B = Non-inter-level travel time spent in this place.
 C = Inter-level travel time spent in this place.
 D = Time resting spent in this place.
 E = Time spent auto-exploring this place.
 F = Levels seen in this place.
 G = Mean time per level.
                   A        B        C        D        E       F      G
               +--------+--------+--------+--------+--------+-----+--------+
         Total |   2667 |   2641 |     26 |    261 |   1967 |   3 |  889.0 |
       Dungeon |   2667 |   2641 |     26 |    261 |   1967 |   3 |  889.0 |
               +--------+--------+--------+--------+--------+-----+--------+

Top non-repeatable levels by time:
     D:1: 1129 daAuts
     D:2: 815 daAuts
     D:3: 722 daAuts
